 Dungeon Crawl Stone Soup version 0.29-a0-563-g64e4043184 (webtiles) character file.

Game seed: 15414439313590892524

91 Ashen the Ogre Mage (level 4, 0/42 HPs)
             Began as an Ogre Hedge Wizard on June 11, 2022.
             Succumbed to a kobold brigand's poison
             ... in a sewer.
             The game lasted 00:13:28 (3564 turns).

Ashen the Ogre Mage (Ogre Hedge Wizard)             Turns: 3564, Time: 00:13:29

Health: 0/42       AC:  3    Str: 14    XL:     4   Next: 59%
Magic:  9/10       EV: 10    Int: 17    God:
Gold:   50         SH:  0    Dex:  8    Spells: 0/11 levels left

rFire   . . .      SeeInvis .   a - +0 dagger
rCold   . . .      Faith    .   (no shield)
rNeg    . . .      Spirit   .   b - +0 robe
rPois   .          Reflect  .   c - +0 hat
rElec   .          Harm     .   (no cloak)
rCorr   .          Rampage  .   (gloves unavailable)
Will    .....                   (boots unavailable)
Stlth   ++........              (no amulet)
HPRegen 0.14/turn               (no ring)
MPRegen 0.12/turn               (no ring)

@: lethally poisoned (0 -> -2), flying
A: large, unfitting armour, tough skin 1
a: no special abilities


You were in a sewer.
You visited 1 branch of the dungeon, and saw 3 of its levels.
You also visited: Sewer.

You collected 122 gold pieces.
You spent 72 gold pieces at shops.

Inventory:

Hand Weapons
 a - a +0 dagger (weapon)
 k - a +0 club
Armour
 b - a +0 robe (worn)
 c - a +0 hat (worn)
Jewellery
 f - a ring of resist corrosion
Scrolls
 g - 3 scrolls of teleportation
Potions
 d - a potion of magic
 e - 2 potions of lignification
 m - 2 potions of degeneration


   Skills:
 + Level 2.0 Fighting
 + Level 2.4 Dodging
 + Level 2.0 Stealth
 + Level 4.2 Spellcasting
 + Level 1.8 Conjurations
 - Level 1.0 Summonings
 - Level 1.0 Translocations


You couldn't memorise any spells.
You knew the following spells:

 Your Spells              Type           Power      Damage    Failure   Level
a - Magic Dart            Conj           36%        1d4       8%          1
b - Blink                 Tloc           12%        N/A       16%         2
c - Call Imp              Summ           6%         N/A       16%         2
d - Mephitic Cloud        Conj/Pois/Air  5%         N/A       36%         3
e - Conjure Flame         Conj/Fire      6%         6-21      32%         3

Your spell library contained the following spells:

 Spells                   Type           Power      Damage    Failure   Level
 Slow                     Hex            12%        N/A       16%         1


Dungeon Overview and Level Annotations

Branches:
Dungeon (3/15)              Sewer (1/1)

Altars:

Shops:
D:2 !([

Annotations:
D:3 Grinder


Innate Abilities, Weirdness & Mutations

You are too large for most types of armour.
You have tough skin. (AC +1)


Message History

Your crimson imp barely misses the kobold.
The kobold brigand throws a poisoned dart.
The poisoned dart misses your crimson imp.
The poisoned dart hits the kobold!
The kobold is poisoned.
The kobold throws a stone.
The stone misses you.
* * * LOW HITPOINT WARNING * * *
You feel sick.
Your crimson imp closely misses the kobold.
The kobold brigand throws a poisoned dart.
The poisoned dart barely misses your crimson imp.
The poisoned dart hits the kobold!
The kobold looks as sick as possible!
The kobold brigand hits your crimson imp with a +0 short sword!
It was a potion of cancellation.
You feel magically purged.
* * * LOW HITPOINT WARNING * * *
You feel sick.
The kobold brigand throws a poisoned dart.
The poisoned dart hits your crimson imp.
The kobold throws a stone.
The stone barely misses you.
It was a potion of flight.
You feel very buoyant.
You fly up into the air.
* * * LOW HITPOINT WARNING * * *
You feel sick.
Your crimson imp closely misses the kobold.
The kobold brigand hits the plant with a +0 short sword.
The plant begins to die.
The kobold brigand throws a poisoned dart.
The poisoned dart closely misses your crimson imp.
The poisoned dart hits the kobold!
The kobold looks as sick as possible!
Okay, then.
As you read the scroll labelled SUFA AN ANOMN, it crumbles to dust.
Wisps of shadow whirl around you...
It was a scroll of summoning.
* * * LOW HITPOINT WARNING * * *
You feel sick.
The kobold dies!
The kobold brigand hits the plant with a +0 short sword.
Your crimson imp hits the kobold brigand but does no damage.
The kobold brigand throws a poisoned dart.
The poisoned dart hits your crimson imp!
You die...

#########≈#≈#######≈#############
....P..P≈≈≈≈≈P..P≈P≈≈P≈P.≈≈≈#!...
........≈≈≈P≈...≈≈≈≈≈≈....≈≈'..∩.
.P.......P.≈...†...≈≈≈...≈≈.'...!
.P..........................#.!..
................J...PK.....## ###
...####............l..P....# ####
##...........K.5KK.###
##......S@S...#####
####..####.### #### ###


You could see 3 kobold brigands, a kobold, a friendly crimson imp (summoned,
poisoned), a friendly adder (summoned), a friendly endoplasm (summoned), a
friendly ball python (summoned) and a friendly frilled lizard (summoned).

Vanquished Creatures
  A gnoll (D:2)
  A river rat (D:3)
  2 dart slugs (D:1)
  8 ball pythons
  4 bats (D:2)
  6 endoplasms
  3 giant cockroaches
  4 hobgoblins
  A jackal (D:1)
  5 kobolds
  3 quokkas
  2 frilled lizards (D:2)
  2 goblins
  6 rats
48 creatures vanquished.

Vanquished Creatures (collateral kills)
  3 worms
  A hobgoblin (D:2)
  2 jackals (D:2)
  A frilled lizard (D:2)
7 creatures vanquished.

Vanquished Creatures (others)
  A kobold (Sewer)
1 creature vanquished.

Grand Total: 56 creatures vanquished

Notes
Turn   | Place    | Note
-------+----------+-------------------------------------------
     0 | D:1      | Ashen the Ogre Hedge Wizard began the quest for the Orb.
     0 | D:1      | Reached XP level 1. HP: 16/16 MP: 5/5
    31 | D:1      | Reached skill level 1 in Conjurations
   263 | D:1      | Reached skill level 1 in Summonings
   263 | D:1      | Reached skill level 1 in Translocations
   323 | D:1      | Reached XP level 2. HP: 24/24 MP: 0/6
   869 | D:1      | Found a faded altar of an unknown god.
   895 | D:1      | Reached skill level 1 in Fighting
  1028 | D:1      | Reached XP level 3. HP: 33/33 MP: 4/8
  1437 | D:2      | Learned a level 2 spell: Blink
  1440 | D:2      | Learned a level 2 spell: Call Imp
  1444 | D:2      | Learned a level 3 spell: Mephitic Cloud
  1672 | D:2      | Found Yhylug's Armour Shop.
  1989 | D:2      | Reached skill level 4 in Spellcasting
  2082 | D:2      | Found Juewk's Weapon Shop.
  2085 | D:2      | Found Taet's Distillery.
  2094 | D:2      | Bought a potion of degeneration for 12 gold pieces
  2094 | D:2      | Bought a potion of heal wounds for 60 gold pieces
  2484 | D:2      | Reached XP level 4. HP: 37/42 MP: 1/10
  2837 | D:3      | Noticed Grinder
  3178 | D:3      | Found a glowing drain.
  3195 | Sewer    | Entered a sewer
  3322 | Sewer    | Learned a level 3 spell: Conjure Flame
  3549 | Sewer    | Noticed a kobold brigand
  3549 | Sewer    | Noticed a kobold brigand
  3549 | Sewer    | Noticed a kobold brigand
  3562 | Sewer    | HP: 2/42 [poisoned by a kobold brigand]
  3564 | Sewer    | Succumbed to a kobold brigand's poison

Illustrated notes

Levels and vault maps discovered:
D:1:      psy_arrival_statuary, layout_loops_ring,
          hellmonk_ecumenical_altar_pennies_from_heaven, minmay_distorted
D:2:      layout_basic, serial_shops, shop, shop_statue, shop,
          cheibrodos_gnoll_hut
D:3:      minmay_bubble_buster, layout_basic, gup_sewer_entry_spiral,
          uniq_natasha, uniq_jessica, uniq_grinder
Sewer:    kennysheep_pipe_town

Skill      XL: |  1  2  3  4 |
---------------+-------------+-----
Conjurations   | 1 |  1.8
Summonings     | 1 |  1.0
Translocations | 1 |  1.0
Dodging        | 2 |  2.4
Fighting       | 1 2 |  2.0
Spellcasting   | 4 |  4.2
Stealth        | 2 |  2.0

Action                   |  1- 3 |  4- 6 || total
-------------------------+-------+-------++-------
Melee: Dagger            |    62 |    61 ||   123
       Punch             |     1 |     3 ||     4
 Cast: Magic Dart        |    77 |    34 ||   111
       Call Imp          |     4 |     3 ||     7
  Use: Scroll            |     4 |     1 ||     5
       Potion            |       |     4 ||     4
 Stab: Sleeping          |       |     1 ||     1
Armor: Robe              |    32 |    12 ||    44
       Skin              |       |    14 ||    14
Dodge: Dodged            |    56 |    25 ||    81

Table legend: (Time is in decaauts)
 A = Elapsed time spent in this place.
 B = Non-inter-level travel time spent in this place.
 C = Inter-level travel time spent in this place.
 D = Time resting spent in this place.
 E = Time spent auto-exploring this place.
 F = Levels seen in this place.
 G = Mean time per level.
                   A        B        C        D        E       F      G
               +--------+--------+--------+--------+--------+-----+--------+
         Total |   3604 |   3546 |     58 |    724 |   2102 |   4 |  901.0 |
       Dungeon |   3220 |   3162 |     58 |    573 |   1944 |   3 | 1073.3 |
         Sewer |    383 |    383 |      0 |    151 |    158 |   1 |  383.0 |
               +--------+--------+--------+--------+--------+-----+--------+

Top non-repeatable levels by time:
     D:1: 1399 daAuts
     D:2: 1363 daAuts
     D:3: 457 daAuts
   Sewer: 383 daAuts
